 Dungeon Crawl Stone Soup version 0.29-a0-352-g0917bc69df (webtiles) character file.

Game seed: 8117273648649544037

10 Morbidden the Skirmisher (level 2, 19/24 HPs)
             Began as a Demonspawn Fighter on Apr 24, 2022.
             Quit the game on level 1 of the Dungeon.
             The game lasted 00:00:14 (274 turns).

Morbidden the Skirmisher (Demonspawn Fighter)        Turns: 274, Time: 00:00:14

Health: 19/24      AC:  6    Str: 16    XL:     2   Next: 10%
Magic:  2/2        EV:  9    Int:  9    God:
Gold:   0          SH:  4    Dex: 12    Spells: 1/1 levels left

rFire   . . .      SeeInvis .   a - +0 war axe
rCold   . . .      Faith    .   c - +0 buckler
rNeg    . . .      Spirit   .   b - +0 scale mail
rPois   .          Reflect  .   (helmet restricted)
rElec   .          Harm     .   (no cloak)
rCorr   .          Rampage  .   (no gloves)
Will    .....                   (no boots)
Stlth   ..........              (no amulet)
HPRegen 0.08/turn               (no ring)
MPRegen 0.08/turn               (no ring)

@: no status effects
A: antennae 1
a: no special abilities


You were on level 1 of the Dungeon.
You visited 1 branch of the dungeon, and saw 1 of its levels.

Inventory:

Hand Weapons
 a - a +0 war axe (weapon)
Armour
 b - a +0 scale mail (worn)
 c - a +0 buckler (worn)
Scrolls
 e - a scroll of summoning {unknown}
Potions
 d - a potion of might


   Skills:
 * Level 3.1 Fighting
 * Level 1.9 Axes
 + Level 2.8 Armour
 * Level 0.3 Dodging
 + Level 2.7 Shields
 * Level 0.2 Spellcasting


You had one spell level left.
You didn't know any spells.
Your spell library was empty.

Dungeon Overview and Level Annotations

Branches:
Dungeon (1/15)

Altars:


Innate Abilities, Weirdness & Mutations

You have a pair of small antennae on your head.


Message History

A jackal comes into view.
The jackal moves out of view.
A jackal comes into view.
There are monsters nearby!
The jackal barks!
There are monsters nearby!
You block the goblin's attack.
You closely miss the goblin. The goblin hits you but does no damage.
The goblin barely misses you.
You barely miss the goblin. You hit the jackal.
The jackal barely misses you. x2
The goblin hits you with a +0 dagger.
You closely miss the jackal.
The jackal is moderately wounded.
The jackal barks!
You hit the goblin. The jackal bites you.
The goblin hits you but does no damage. The goblin hits you with a +0 dagger.
You miss the goblin.
The goblin is moderately wounded.
You closely miss the jackal. The jackal bites you.
The jackal closely misses you.
The jackal bites you but does no damage.
The goblin hits you but does no damage. The jackal barely misses you.
There are monsters nearby!
You slash the goblin!
You kill the goblin!
You closely miss the jackal. x2; The jackal barely misses you.
The jackal closely misses you. The jackal barely misses you.
The jackal bites you but does no damage.
You have reached level 2!
Your demonic ancestry asserts itself...
A pair of antennae grows on your head!
You hit the jackal.
The jackal is almost dead.
You slash the jackal!
You kill the jackal!
The jackal bites you but does no damage.
A jackal comes into view.
The jackal barely misses you.
A rat comes into view.
Are you sure you want to abandon this character and quit the game? (Confirm with "yes".)

..# #.# #h##
r..# #..# #..#
#)†# # #@h#
#.###..#
#......#
####)...#####
......)......#
..........##.#
.####.##..##.#
#. #..##.# #.
#..##.#


You could see 2 jackals and a rat (wandering).

Vanquished Creatures
  An endoplasm (D:1)
  A jackal (D:1)
  A ball python (D:1)
  A frilled lizard (D:1)
  2 goblins (D:1)
  4 kobolds (D:1)
10 creatures vanquished.

Notes
Turn   | Place    | Note
-------+----------+-------------------------------------------
     0 | D:1      | Morbidden the Demonspawn Fighter began the quest for the
                  | Orb.
     0 | D:1      | Reached XP level 1. HP: 18/18 MP: 1/1
   273 | D:1      | Gained mutation: You have a pair of small antennae on your
                  | head. [demonic ancestry]
   273 | D:1      | Reached XP level 2. HP: 19/24 MP: 2/2
   274 | D:1      | Quit the game

Illustrated notes

Levels and vault maps discovered:
D:1:      matt_arrival_refuge, layout_loops_ring

Action                   || total
-------------------------++-------
Melee: War axe           ||    19
Armor: Scale mail        ||    12
Dodge: Dodged            ||    11
Block: Buckler           ||     3

Table legend: (Time is in decaauts)
 A = Elapsed time spent in this place.
 B = Non-inter-level travel time spent in this place.
 C = Inter-level travel time spent in this place.
 D = Time resting spent in this place.
 E = Time spent auto-exploring this place.
 F = Levels seen in this place.
 G = Mean time per level.
                   A        B        C        D        E       F      G
               +--------+--------+--------+--------+--------+-----+--------+
         Total |    282 |    282 |      0 |      0 |    230 |   1 |  282.0 |
       Dungeon |    282 |    282 |      0 |      0 |    230 |   1 |  282.0 |
               +--------+--------+--------+--------+--------+-----+--------+

Top non-repeatable levels by time:
     D:1: 282 daAuts
